 Dungeon Crawl Stone Soup version 0.27-a0-1242-ge70438ac7b (webtiles) character file.

Game seed: 9435370541382138749

1925 Delamore the Spear-Bearer (level 9, -2/61 HPs)
             Began as a Formicid Fighter on June 9, 2021.
             Was an Elder of Hepliaklqana.
             Killed from afar by a steam dragon (14 damage)
             ... with a ball of steam
             ... on level 6 of the Dungeon.
             The game lasted 00:04:34 (4036 turns).

Delamore the Spear-Bearer (Formicid Fighter)        Turns: 4036, Time: 00:04:34

Health: -2/61      AC:  9    Str: 24    XL:     9   Next: 40%
Magic:  9/9        EV:  9    Int:  8    God:    Hepliaklqana [****..]
Gold:   1138       SH: 12    Dex: 16    Spells: 8/8 levels left

rFire    . . .     SeeInvis +   g - +2 demon trident (elec)
rCold    + . .     Faith    .   c - +1 kite shield
rNeg     . . .     Spirit   .   i - +3 scale mail {rC+}
rPois    .         Reflect  .   (helmet unavailable)
rElec    .         Harm     .   (no cloak)
rCorr    .         Rampage  .   (no gloves)
Will     .....                  (no boots)
Stlth    ..........             (no amulet)
HPRegen  0.20/turn              k - +6 ring of dexterity
MPRegen  0.11/turn              (no ring)

@: no status effects
A: reduced essence, permanent stasis, dig shafts and tunnels, antennae 3, four
strong arms
a: Dig, Shaft Self, Renounce Religion, Recall Ancestor, Ancestor Identity,
Transference, Idealise


You were on level 6 of the Dungeon.
You worshipped Hepliaklqana.
Hepliaklqana was greatly pleased with you.
You visited 1 branch of the dungeon, and saw 6 of its levels.

You collected 1138 gold pieces.

Inventory:

Hand Weapons
 a - a +0 trident
 g - a +2 demon trident of electrocution (weapon)
Missiles
 o - 18 boomerangs (quivered)
Armour
 b - a +0 scale mail
 c - a +1 kite shield (worn)
 i - a +3 scale mail of cold resistance (worn)
Jewellery
 k - a +6 ring of dexterity (left hand)
Wands
 l - a wand of iceblast (11)
 p - a wand of flame (9)
Scrolls
 f - a scroll of blinking
 m - a scroll of magic mapping
Potions
 d - a potion of might
 e - a potion of attraction {unknown}
 h - a potion of lignification
 j - a potion of heal wounds
 n - a potion of magic


   Skills:
 - Level 5.0 Fighting
 * Level 10.5 Polearms
 - Level 3.2 Armour
 + Level 6.1 Shields


You had 8 spell levels left.
You didn't know any spells.
Your spell library contained the following spells:

 Spells                   Type           Power      Damage    Failure   Level
 Magic Dart               Conj           0%         1d3       89%         1
 Searing Ray              Conj           0%         3d3       96%         2
 Confusing Touch          Hex            0%         N/A       99%         3
 Dazzling Flash           Conj/Hex       0%         N/A       99%         3
 Gell's Gravitas          Tloc           0%         N/A       99%         3
 Fulminant Prism          Conj/Hex       0%         3d6       100%        4
 Iskenderun's Mystic Bla  Conj/Tloc      0%         2d3       100%        4
 Petrify                  Tmut/Erth      0%         N/A       100%        4
 Metabolic Englaciation   Hex/Ice        0%         N/A       100%        5
 Yara's Violent Unravell  Hex/Tmut       0%         3d3       100%        5


Dungeon Overview and Level Annotations

Branches:
Dungeon (6/15)
 Temple: D:4-7

Altars:
Dithmenos
Hepliaklqana
Yredelemnul


Innate Abilities, Weirdness & Mutations

Your life essence is reduced to manifest your ancestor. (-10% HP)
You cannot be hasted, slowed, berserked, paralysed or teleported.
You can dig through walls and to a lower floor.
You have a pair of large antennae on your head. (SInv)
Your four strong arms can wield two-handed weapons with a shield.


Message History

You are too injured to fight recklessly!
You are too injured to fight recklessly!
You are too injured to fight recklessly!
You are too injured to fight recklessly!
You are too injured to fight recklessly!
You are too injured to fight recklessly!
You are too injured to fight recklessly!
You are too injured to fight recklessly!
You are too injured to fight recklessly!
You are too injured to fight recklessly!
You are too injured to fight recklessly!
You are too injured to fight recklessly!
You are too injured to fight recklessly!
You are too injured to fight recklessly!
You are too injured to fight recklessly!
You are too injured to fight recklessly!
You are too injured to fight recklessly!
You are too injured to fight recklessly!
You are too injured to fight recklessly!
You are too injured to fight recklessly!
You are too injured to fight recklessly!
You puncture the steam dragon!
The steam dragon is moderately wounded.
You are engulfed in a cloud of scalding steam.
You block the orc priest's attack.
Froggeryz hits the steam dragon but does no damage.
Froggeryz drains the steam dragon.
You are engulfed in a cloud of scalding steam.
The orc warrior hits Froggeryz with a +0 short sword!
The orc priest invokes the aid of Beogh against you.
Pain shoots through your body!
* * * LOW HITPOINT WARNING * * *
You are engulfed in a cloud of scalding steam.
Froggeryz hits the orc priest with a +0 dagger of draining.
The orc is engulfed in a cloud of scalding steam.
The steam dragon breathes steam at you.
The ball of steam hits the orc!
The orc dies!
The ball of steam hits you!
You die...

#.......###
.......... ...
.........# ....
.........# ....
.......R.# .....
......oDo#####.....
#.....§§?..........
##.....§...........
#####$@..........#
##.###.#...### #§#
#....)... ...
...###### ..§.##.##
#######.# #.# #.#
#.#


You could see an orc warrior and an orc priest.

Vanquished Creatures
  Edmund (D:4)
  A water moccasin (D:5)
  A black bear (D:5)
  3 necrophages (D:5)
  3 centaurs (D:5)
  An ogre (D:4)
  A scorpion (D:5)
  A water moccasin zombie (D:5)
  A bullfrog zombie (D:5)
  2 hounds
  A bullfrog skeleton (D:5)
  A human zombie (D:5)
  A jelly (D:5)
  Terence (D:3)
  An iguana (D:5)
  Natasha (twice) (D:3)
  An orc wizard (D:5)
  A scorpion zombie (D:3)
  A killer bee zombie (D:5)
  A hound zombie (D:5)
  A hound skeleton (D:5)
  2 mummies (D:5)
  A howler monkey zombie (D:5)
  7 gnolls (D:5)
  9 adders
  A white imp (D:5)
  An adder zombie (D:3)
  2 worms (D:3)
  5 dart slugs
  15 orcs
  6 endoplasms
  A giant cockroach (D:2)
  2 goblins
  4 hobgoblins
  3 jackals (D:2)
  3 kobolds
  2 quokkas
  8 ball pythons
  4 bats
  A frilled lizard (D:1)
  A quokka zombie (D:3)
  4 rats
109 creatures vanquished.

Vanquished Creatures (collateral kills)
  An ice beast (D:5)
  A necrophage (D:5)
  An orc priest (D:4)
  An iguana (D:5)
  A hound zombie (D:5)
  An adder (D:5)
  A howler monkey skeleton (D:5)
  A bat (D:3)
  An endoplasm (D:4)
  2 hobgoblins
  A quokka (D:2)
  A ball python (D:4)
  2 frilled lizards
  2 kobolds
17 creatures vanquished.

Vanquished Creatures (others)
  A hexer (D:5)
  2 orcs (D:6)
  4 withered plants (D:3)
7 creatures vanquished.

Grand Total: 133 creatures vanquished

Notes
Turn   | Place    | Note
-------+----------+-------------------------------------------
     0 | D:1      | Delamore the Formicid Fighter began the quest for the Orb.
     0 | D:1      | Reached XP level 1. HP: 18/18 MP: 1/1
   142 | D:1      | Reached XP level 2. HP: 24/24 MP: 2/2
   144 | D:1      | Found a faded altar of an unknown god.
   150 | D:1      | Became a worshipper of Hepliaklqana the Forgotten
   150 | D:1      | Reached * piety under Hepliaklqana
   365 | D:1      | Reached XP level 3. HP: 27/27 MP: 3/3
   375 | D:1      | Reached skill level 3 in Polearms
  1075 | D:2      | Reached XP level 4. HP: 30/33 MP: 4/4
  1295 | D:2      | Identified a scroll of acquirement
  1295 | D:2      | Acquired 945 gold pieces
  1297 | D:2      | Reached ** piety under Hepliaklqana
  1308 | D:2      | Remembered your ancestor Froggeryz as a hexer
  1644 | D:3      | Noticed Natasha
  1650 | D:3      | Killed Natasha
  1651 | D:3      | Reached skill level 4 in Polearms
  1651 | D:3      | Reached XP level 5. HP: 31/37 MP: 5/5
  1769 | D:3      | Found a shadowy altar of Dithmenos.
  1906 | D:3      | Noticed Terence
  1910 | D:3      | Killed Terence
  2046 | D:3      | Noticed Natasha
  2050 | D:3      | Killed Natasha
  2051 | D:3      | Reached XP level 6. HP: 40/45 MP: 6/6
  2214 | D:3      | Reached skill level 5 in Polearms
  2505 | D:4      | Reached skill level 5 in Fighting
  2505 | D:4      | Reached *** piety under Hepliaklqana
  2630 | D:4      | Noticed Edmund
  2637 | D:4      | Killed Edmund
  2638 | D:4      | Reached skill level 6 in Polearms
  2638 | D:4      | Reached XP level 7. HP: 50/50 MP: 7/7
  2864 | D:5      | Entered Level 5 of the Dungeon
  2871 | D:5      | Reached skill level 7 in Polearms
  2877 | D:5      | Reached XP level 8. HP: 49/55 MP: 8/8
  3017 | D:5      | Reached skill level 8 in Polearms
  3302 | D:5      | Reached **** piety under Hepliaklqana
  3320 | D:5      | Reached skill level 9 in Polearms
  3690 | D:5      | Reached XP level 9. HP: 47/61 MP: 9/9
  3884 | D:5      | Reached skill level 5 in Shields
  3928 | D:5      | Reached skill level 10 in Polearms
  3937 | D:5      | Found a basalt altar of Yredelemnul.
  4036 | D:6      | Killed from afar by a steam dragon

Illustrated notes

Levels and vault maps discovered:
D:1:      saegor_arrival_simple_e, layout_loops_ring,
          hellmonk_ecumenical_altar_heavens_door, chequers_garden,
          minmay_stone_trees_medium, minmay_pentomino_z2
D:2:      layout_loops_cross
D:3:      layout_rooms, nicolae_dithmenos_the_darkroom, serial_undead,
          serial_undead_d, serial_undead_c, serial_undead_b, serial_undead_c,
          corexii_shack, solitary_fountain, kennysheep_minor_cross,
          kennysheep_generic_room_14, uniq_terence, uniq_natasha
D:4:      layout_basic, uniq_edmund
D:5:      minmay_diamond_boxcup, layout_rooms,
          lemuel_mausoleum_altar_yredelemnul, kennysheep_windowed_goal
D:6:      layout_rooms, nzn_hepliaklqana_mist_gate, temple_green, uniq_menkaure

Skill      XL: |  1  2  3  4  5  6  7  8  9 |
---------------+----------------------------+-----
Polearms       | 3 4 6 7 9 10 | 10.5
Fighting       | 4 5 |  5.0
Shields        | 4 6 |  6.1
Armour         | |  3.2

Action                   |  1- 3 |  4- 6 |  7- 9 || total
-------------------------+-------+-------+-------++-------
Melee: Trident           |    36 |       |       ||    36
       Demon trident     |    27 |    80 |   119 ||   226
Throw: Boomerang         |       |     1 |       ||     1
Invok: Ancestor Life: He |       |     1 |       ||     1
       Ancestor Identity |       |     1 |       ||     1
 Abil: Dig               |       |     2 |     3 ||     5
  Use: Scroll            |     1 |     8 |     3 ||    12
       Potion            |       |       |     1 ||     1
 Stab: Confused          |       |     2 |     2 ||     4
       Distracted        |       |     1 |     2 ||     3
Armor: Scale mail        |     7 |    14 |    24 ||    45
Dodge: Dodged            |    12 |    17 |    17 ||    46
Block: Kite shield       |    24 |    24 |    39 ||    87

Table legend: (Time is in decaauts)
 A = Elapsed time spent in this place.
 B = Non-inter-level travel time spent in this place.
 C = Inter-level travel time spent in this place.
 D = Time resting spent in this place.
 E = Time spent auto-exploring this place.
 F = Levels seen in this place.
 G = Mean time per level.
                   A        B        C        D        E       F      G
               +--------+--------+--------+--------+--------+-----+--------+
         Total |   4078 |   3973 |    105 |    215 |   3103 |   6 |  679.7 |
       Dungeon |   4078 |   3973 |    105 |    215 |   3103 |   6 |  679.7 |
               +--------+--------+--------+--------+--------+-----+--------+

Top non-repeatable levels by time:
     D:5: 1159 daAuts
     D:1: 901 daAuts
     D:3: 858 daAuts
     D:2: 662 daAuts
     D:4: 483 daAuts
     D:6: 11 daAuts
